 Dungeon Crawl Stone Soup version 0.18.1-48-g4cf74bf (webtiles) character file.

92 sudo the Slasher (level 4, 0/30 HPs)
             Began as a High Elf Gladiator on June 29, 2016.
             Was a Follower of Nemelex Xobeh.
             Slain by a rat (3 damage)
             ... in a sewer.
             The game lasted 00:04:32 (2694 turns).

sudo the Slasher (High Elf Gladiator)               Turns: 2694, Time: 00:04:33

Health: 0/30       AC:  4    Str: 15    XL:     4   Next: 35%
Magic:  5/5        EV: 13    Int: 15    God:    Nemelex Xobeh [*.....]
Gold:   127        SH:  0    Dex: 15    Spells: 0 memorised, 3 levels left

rFire  . . .     SeeInvis .     a - +1 long sword
rCold  . . .     Gourm    .     b - +0 leather armour
rNeg   . . .     Faith    .     (no shield)
rPois  .         Spirit   .     c - +0 helmet
rElec  .         Dismiss  .     (no cloak)
rCorr  .         Reflect  .     (no gloves)
SustAt .         Harm     .     (no boots)
MR     .....                    (no amulet)
Stlth  +.........               f - +3 ring of intelligence
                                l - ring of flight

@: not resistant to hostile enchantments, very unstealthy
A: no striking features
a: Renounce Religion, Evoke Flight


You were in a sewer.
You worshipped Nemelex Xobeh.
Nemelex Xobeh was aware of your devotion.
You were not hungry.

You visited 1 branch of the dungeon, and saw 3 of its levels.
You also visited: Sewer.

You collected 127 gold pieces.

Inventory:

Hand Weapons
 a - a +1 long sword (weapon)
Missiles
 d - 3 throwing nets
 o - 2 silver tomahawks (quivered)
Armour
 b - a +0 leather armour (worn)
 c - a +0 helmet (worn)
Jewellery
 f - a +3 ring of intelligence (right hand)
 h - an uncursed ring of ice
 l - a ring of flight (left hand)
Scrolls
 g - a scroll of identify
 i - 2 scrolls of teleportation
 j - a scroll of remove curse
Potions
 e - a potion of curing
 p - a potion of lignification
Miscellaneous
 k - a plain deck of war {drawn: 2}
Comestibles
 q - 7 fruits


   Skills:
 + Level 2.3 Fighting
 * Level 5.0 Long Blades
 - Level 2.0 Throwing
 + Level 1.0 Armour
 + Level 3.8 Dodging
 * Level 1.0 Evocations


You had 3 spell levels left.
You didn't know any spells.

Dungeon Overview and Level Annotations

Branches:
Dungeon (3/15)

Altars:
Nemelex Xobeh
Okawaru


Message History

You enter a sewer! 4 rats come into view.
Found a gate leading back out of this place.
There is an empty arch of ancient stone here.
There is a gate leading back out of this place here.
You hit the rat.
The rat is moderately wounded.
The rat bites you.
* * * LOW HITPOINT WARNING * * *
You slash the rat!
You kill the rat!
The rat barely misses you.
You closely miss the rat. The rat barely misses you.
The rat bites you but does no damage.
You barely miss the rat. The rat closely misses you. x2
You closely miss the rat. The rat bites you.
* * * LOW HITPOINT WARNING * * *
The rat barely misses you. The rat bites you.
You die...
Your body disappears without a glow. ############### #...r@rr......≈ ###############

You could see 3 rats.

Vanquished Creatures
  A gnoll (D:3)
  4 adders
  A worm (D:2)
  A dart slug (D:1)
  A giant gecko (D:2)
  3 bats
  3 giant cockroaches
  7 goblins
  6 hobgoblins
  3 jackals (D:1)
  2 quokkas
  A ball python (D:3)
  A giant newt (D:2)
  A kobold (D:1)
  5 rats
40 creatures vanquished.

Notes
Turn   | Place    | Note
--------------------------------------------------------------
     0 | D:1      | sudo the High Elf Gladiator began the quest for the Orb.
     0 | D:1      | Reached XP level 1. HP: 14/14 MP: 2/2
     2 | D:1      | Noticed an elf
     2 | D:1      | Noticed a felid
     4 | D:1      | Noticed a human
     4 | D:1      | Noticed a naga
     6 | D:1      | Noticed a vampire
     6 | D:1      | Noticed a formicid
     8 | D:1      | Noticed a demigod
    10 | D:1      | Noticed a dwarf
    10 | D:1      | Noticed an octopode
    12 | D:1      | Noticed a spriggan
    14 | D:1      | Noticed a tengu
    16 | D:1      | Noticed a troll
    18 | D:1      | Noticed a vine stalker
    18 | D:1      | Noticed a merfolk
    20 | D:1      | Noticed an ogre
    20 | D:1      | Noticed a centaur
    22 | D:1      | Noticed a gargoyle
    22 | D:1      | Noticed a demonspawn
    25 | D:1      | Noticed a ghoul
    25 | D:1      | Noticed a draconian
    27 | D:1      | Noticed a minotaur
    27 | D:1      | Noticed a halfling
   157 | D:1      | Found a sparkling altar of Nemelex Xobeh.
   166 | D:1      | Became a worshipper of Nemelex Xobeh the Trickster
   277 | D:1      | Reached skill level 4 in Long Blades
   284 | D:1      | Reached XP level 2. HP: 12/19 MP: 3/3
   586 | D:1      | Received a gift from Nemelex Xobeh
  1217 | D:2      | Reached XP level 3. HP: 24/24 MP: 4/4
  1751 | D:2      | Reached * piety under Nemelex Xobeh
  2453 | D:3      | Found an iron altar of Okawaru.
  2456 | D:3      | Reached skill level 1 in Armour
  2538 | D:3      | Reached XP level 4. HP: 23/30 MP: 5/5
  2641 | D:3      | Reached skill level 5 in Long Blades
  2642 | D:3      | Found a glowing drain.
  2665 | D:3      | Reached skill level 1 in Evocations
  2687 | Sewer    | Entered a sewer
  2694 | Sewer    | Slain by a rat

Skill      XL: |  1  2  3  4 |
---------------+-------------+-----
Long Blades    | 4 5 |  5.0
Armour         | 1 |  1.0
Evocations     | 1 |  1.0
Fighting       | |  2.3
Throwing       | |  2.0
Dodging        | |  3.8

Action                   |  1- 3 |  4- 6 || total
-------------------------+-------+-------++-------
Melee: Long sword        |   107 |    28 ||   135
Evoke: Deck              |       |     2 ||     2
  Use: Scroll            |     9 |       ||     9
       Potion            |     1 |       ||     1
 Stab: Sleeping          |     1 |       ||     1
  Eat: Chunk             |     4 |       ||     4
       Bread ration      |     1 |       ||     1
Armor: Leather armour    |    24 |     4 ||    28
Dodge: Dodged            |    78 |    23 ||   101
